 Dungeon Crawl Stone Soup version 0.31-a0-1317-gdfb52cbc09 (webtiles) character file.

Game seed: 12914087066881098931

192 Chimkentus the Digger (level 5, -1/45 HPs)
             Began as a Troll Earth Elementalist on Dec 20, 2023.
             Slain by a scorpion (3 damage)
             ... on level 3 of the Dungeon.
             The game lasted 00:13:20 (2700 turns).

Chimkentus the Digger (Troll Earth Elementalist)    Turns: 2700, Time: 00:13:20

Health: -1/45      AC:  4    Str: 16    XL:     5   Next: 42%
Magic:  4/7        EV: 10    Int: 13    God:
Gold:   69         SH:  0    Dex: 10    Spells: 3/9 levels left

rFire   . . .        m - +0 club
rCold   . . .        (no shield)
rNeg    . . .        a - +0 robe
rPois   .            (helmet restricted)
rElec   .            (no cloak)
rCorr   .            (gloves unavailable)
SInv    +            (boots unavailable)
Will    .....        (no amulet)
Stlth   +            t - ring of see invisible
HPRegen 1.07/turn    (no ring)
MPRegen 0.10/turn

%: no passive effects
@: mighty, lethally poisoned (-1 -> -10), very slightly contaminated
A: large, unfitting armour, claws 3, regeneration 1, shaggy fur 1, tough skin 1
a: no special abilities


You were on level 3 of the Dungeon.
You visited 1 branch of the dungeon, and saw 3 of its levels.

You collected 69 gold pieces.

Inventory:

Hand Weapons
 m - a +0 club (weapon)
 r - a +3 vampiric hand axe
Missiles
 j - 35 stones (quivered)
Armour
 a - a +0 robe (worn)
Jewellery
 t - a ring of see invisible (left claw)
Talismans
 v - a dragon-blood talisman
Wands
 o - a wand of flame (19)
Scrolls
 d - a scroll of enchant armour {unknown}
 e - 2 scrolls of identify {unknown}
 h - a scroll of fog {unknown}
 k - a scroll of immolation {unknown}
 l - 3 scrolls of teleportation {unknown}
 n - a scroll of noise {unknown}
 q - a scroll of vulnerability {unknown}
 s - a scroll of amnesia {unknown}
 u - a scroll of blinking {unknown}
 w - a scroll of revelation {unknown}
Potions
 c - a potion of degeneration {unknown}
 f - a potion of might
 g - a potion of haste {unknown}
 i - a potion of resistance {unknown}
 p - 2 potions of curing {unknown}


   Skills:
 + Level 2.0 Dodging
 + Level 1.1 Stealth
 * Level 2.5 Spellcasting
 * Level 1.6 Conjurations
 + Level 3.4 Earth Magic
 + Level 0.7 Alchemy


You had 3 spell levels left.
You knew the following spells:

 Your Spells              Type           Power      Damage    Failure   Level
a - Sandblast             Erth           20%        2d7       6%          1
b - Passwall              Alch/Erth      5%         N/A       16%         2
c - Stone Arrow           Conj/Erth      16%        3d8       26%         3

Your spell library contained the following spells:

 Spells                   Type           Power      Damage    Failure   Level
 Freeze                   Ice            4%         1d3       24%         1
 Dazzling Flash           Conj/Hex       6%         N/A       45%         3
 Hailstorm                Conj/Ice       3%         3d5       45%         3
 Mephitic Cloud           Conj/Alch/Air  3%         N/A       47%         3
 Frozen Ramparts          Ice            2%         1d1       58%         3
 Brom's Barrelling Bould  Conj/Erth      8%         2d3       63%         4
 Petrify                  Alch/Erth      7%         N/A       71%         4
 Agony                    Necr           1%         N/A       100%        5
 Silence                  Hex/Air        0%         N/A       100%        5


Dungeon Overview and Level Annotations

Branches:
Dungeon (3/15)

Altars:
Cheibriados


Innate Abilities, Weirdness & Mutations

You are too large for most types of armour.
You have claws for hands.
Your natural rate of healing is unusually fast.
You are covered in fur. (AC +1)
You have tough skin. (AC +1)


Message History

Aiming: Throw Flame
Press: ? - help, Shift-Dir - straight line, f/p - scorpion
Aim: a scorpion (68% to hit)
The puff of flame misses the scorpion.
You feel sick. The scorpion stings you.
You are more poisoned.
The scorpion poisons you!
Unknown command.
Magic courses through your body.
You feel very sick. The scorpion stings you.
You are more poisoned.
The scorpion poisons you! The scorpion stings you.
Casting: Sandblast (safe; 6% risk of failure)
Confirm with . or Enter, or press ? or * to list all spells.
Aiming: Stone Arrow (quite dangerous; 26% risk of failure)
Press: ? - help, Shift-Dir - straight line, f/p - scorpion
Aim: a scorpion (64% to hit)
The stone arrow hits the scorpion!
The scorpion is almost dead.
You feel very sick. The scorpion stings you.
* * * LOW HITPOINT WARNING * * *
You are lethally poisoned!
The scorpion poisons you!
Casting: Stone Arrow (quite dangerous; 26% risk of failure)
Confirm with . or Enter, or press ? or * to list all spells.
Aiming: Sandblast (safe; 6% risk of failure)
Press: ? - help, Shift-Dir - straight line, f/p - scorpion
Aim: a scorpion (almost dead, 82% to hit)
You miscast Sandblast.
Nothing appears to happen.
* * * LOW HITPOINT WARNING * * *
You feel very sick. The scorpion stings you.
* * * LOW HITPOINT WARNING * * *
It was a potion of might.
You feel very mighty all of a sudden.
* * * LOW HITPOINT WARNING * * *
You feel very sick. The scorpion stings you.
You die...

.# ##.##....###...##.....###†##
######..#...#.....#####.##...#..#
..............##### #.####....#
..........##### ##.###......
.......##.# #......###..
......##..# #...### ##.
.....###.## ###..## #. .....# #.
######...# #. .....# #.
#.@....#.# ###. .##### #.
#.s######.# #####... .# #. #.#
#.###.....## ## ... #.....##### #
.## #..#### # .. #### #


You could see a scorpion.

Vanquished Creatures
  Jessica (D:2)
  Natasha (thrice) (D:2)
  2 adders (D:3)
  A worm (D:2)
  3 dart slugs
  7 endoplasms
  A giant cockroach (D:1)
  5 goblins
  6 hobgoblins
  7 quokkas
  9 ball pythons
  7 bats
  5 frilled lizards
  5 kobolds
  5 rats
67 creatures vanquished.

Notes
Turn   | Place    | Note
-------+----------+-------------------------------------------
     0 | D:1      | Chimkentus the Troll Earth Elementalist began the quest for
                  | the Orb.
     0 | D:1      | Reached XP level 1. HP: 16/16 MP: 1/1
   211 | D:1      | Reached XP level 2. HP: 24/24 MP: 0/3
   496 | D:1      | Learned a level 2 spell: Passwall
   876 | D:1      | Reached XP level 3. HP: 31/31 MP: 1/4
  1282 | D:1      | Learned a level 3 spell: Stone Arrow
  1340 | D:2      | Noticed Natasha
  1449 | D:2      | Found a faded altar of an unknown god.
  1453 | D:2      | Killed Natasha
  1454 | D:2      | Reached skill level 3 in Earth Magic
  1507 | D:2      | Noticed Jessica
  1515 | D:2      | Killed Jessica
  1516 | D:2      | Reached skill level 1 in Conjurations
  1516 | D:2      | Reached XP level 4. HP: 35/39 MP: 1/6
  1976 | D:2      | Noticed Natasha
  1980 | D:2      | Killed Natasha
  2003 | D:2      | Noticed Natasha
  2011 | D:2      | Killed Natasha
  2012 | D:2      | Reached XP level 5. HP: 22/45 MP: 1/7
  2282 | D:3      | Found a snail-covered altar of Cheibriados.
  2700 | D:3      | HP: 2/45 [poisoned by a scorpion]
  2700 | D:3      | Slain by a scorpion

Illustrated notes

Levels and vault maps discovered:
D:1:      arrival_zaba_pyramid, layout_basic, glass_columns_b, nicolae_titane
D:2:      layout_rooms, basic_ecumenical_altar, serial_glass, glass_columns_c,
          glass_columns_a, grunt_decor_arrowhead, serial_bayou_pond_a,
          uniq_natasha, uniq_jessica
D:3:      layout_rooms, lemuel_crystal_altar, small_statue_intersection,
          kennysheep_generic_room_9

Skill      XL: |  1  2  3 |
---------------+----------+-----
Spellcasting   | 2 |  2.5
Dodging        | 2 |  2.0
Earth Magic    | 3 |  3.4
Conjurations   | 1 |  1.6
Stealth        | |  1.1
Alchemy        | |  0.7

Action                     |  1- 3 |  4- 6 || total
---------------------------+-------+-------++-------
  Melee: Unarmed           |    15 |       ||    15
         Club              |     8 |       ||     8
  Throw: Stone             |       |     2 ||     2
   Cast: Sandblast         |    51 |    55 ||   106
         Stone Arrow       |       |     1 ||     1
  Evoke: Wand              |       |     2 ||     2
    Use: Potion            |       |     2 ||     2
 Armour: Robe              |    22 |    19 ||    41
  Dodge: Dodged            |    15 |    11 ||    26

Table legend: (Time is in decaauts)
 A = Elapsed time spent in this place.
 B = Non-inter-level travel time spent in this place.
 C = Inter-level travel time spent in this place.
 D = Time resting spent in this place.
 E = Time spent auto-exploring this place.
 F = Levels seen in this place.
 G = Mean time per level.
                   A        B        C        D        E       F      G
               +--------+--------+--------+--------+--------+-----+--------+
         Total |   2759 |   2711 |     48 |     40 |   2177 |   3 |  919.7 |
       Dungeon |   2759 |   2711 |     48 |     40 |   2177 |   3 |  919.7 |
               +--------+--------+--------+--------+--------+-----+--------+

Top non-repeatable levels by time:
     D:1: 1329 daAuts
     D:2: 832 daAuts
     D:3: 597 daAuts
